 Dungeon Crawl Stone Soup version 0.21.0-3-g78d12a8 (webtiles) character file.

3665 mortelune the Destroyer (level 9, -2/80 HPs)
             Began as a Purple Draconian Conjurer on Jan 15, 2018.
             Was an Initiate of Sif Muna.
             Shot with an arrow by a centaur (7 damage)
             ... on level 8 of the Dungeon on Jan 16, 2018.
             The game lasted 00:31:28 (13585 turns).

mortelune the Destroyer (DrCj)                     Turns: 13585, Time: 00:31:29

Health: -2/80      AC:  8    Str: 15    XL:     9   Next: 89%
Magic:  4/21       EV: 18    Int: 19    God:    Sif Muna [......]
Gold:   237        SH:  0    Dex: 11    Spells: 2/24 levels left

rFire    + . .     SeeInvis .   k - +5 short sword of Dawn {vamp, rF+ Str+4}
rCold    . . .     Gourm    .   (no shield)
rNeg     . . .     Faith    .   (armour unavailable)
rPois    +         Spirit   .   (helmet restricted)
rElec    .         Reflect  .   (no cloak)
rCorr    .         Harm     .   v - +0 pair of gloves
MR       +....                  (no boots)
Stlth    ++........             u - amulet of rage
HPRegen  0.23/turn              h - +6 ring of evasion
MPRegen  0.17/turn              m - ring of poison resistance

@: no status effects
A: breathe power, unfitting armour, cold-blooded, AC +7
a: Breathe Dispelling Energy, Renounce Religion, Evoke Berserk Rage


You were on level 8 of the Dungeon.
You worshipped Sif Muna.
Sif Muna was noncommittal.
You were hungry.

You visited 2 branches of the dungeon, and saw 9 of its levels.

You collected 237 gold pieces.

Inventory:

Hand Weapons
 c - a +0 dagger
 d - a +1 flail of holy wrath
 g - a +0 short sword
 k - the +5 short sword of Dawn (weapon) {vamp, rF+ Str+4}
   (You found it on level 4 of the Dungeon)

   It inflicts no extra harm, but heals its wielder when it wounds a living foe.
   It affects your strength (+4).
   It protects you from fire.
Missiles
 e - 2 throwing nets (quivered)
 q - 5 curare-tipped needles
 r - 2 tomahawks of dispersal
Armour
 v - a +0 pair of gloves (worn)
Jewellery
 h - a +6 ring of evasion (left hand)
 m - a ring of poison resistance (right hand)
 u - an amulet of rage (around neck)
 A - an uncursed ring of fire {unknown}
 B - an uncursed ring of see invisible {unknown}
Wands
 z - a wand of polymorph (13)
 F - a wand of enslavement (13)
Scrolls
 f - 2 scrolls of enchant weapon
 i - 6 scrolls of teleportation {unknown}
 j - a scroll of random uselessness {unknown}
 l - 2 scrolls of magic mapping {unknown}
 n - 2 scrolls of blinking {unknown}
 s - 2 scrolls of fear {unknown}
 w - a scroll of immolation {unknown}
 E - a scroll of identify
Potions
 o - 4 potions of haste
 p - 2 potions of mutation
 t - 2 potions of might
 x - a potion of invisibility {unknown}
 C - a potion of berserk rage {unknown}
 D - a potion of curing
Books
 a - a book of Conjurations

   Spells                             Type                      Level
   a - Magic Dart                     Conjuration                  1
   b - Searing Ray                    Conjuration                  2
   c - Dazzling Spray                 Conjuration/Hexes            3
   d - Fulminant Prism                Conjuration/Hexes            4
   e - Force Lance                    Conjuration/Translocation    4
   f - Iskenderun's Mystic Blast      Conjuration                  4
 y - a book of Flames

   Spells                             Type                      Level
   a - Flame Tongue                   Conjuration/Fire             1
   b - Throw Flame                    Conjuration/Fire             2
   c - Conjure Flame                  Conjuration/Fire             3
   d - Inner Flame                    Hexes/Fire                   3
   e - Sticky Flame                   Conjuration/Fire             4
   f - Fireball                       Conjuration/Fire             5
Comestibles
 b - 12 rations


   Skills:
 + Level 7.7 Fighting
 - Level 1.7 Dodging
 - Level 1.7 Stealth
 + Level 8.1 Spellcasting
 + Level 10.2 Conjurations
 + Level 3.3 Fire Magic


You had 2 spell levels left.
You knew the following spells:

 Your Spells              Type           Power        Failure   Level  Hunger
a - Magic Dart            Conj           ####         1%          1    None
b - Searing Ray           Conj           #####.       1%          2    None
c - Dazzling Spray        Conj/Hex       ####..       3%          3    None
d - Iskenderun's Mystic   Conj           #####...     1%          4    ###....
e - Sticky Flame          Conj/Fire      ####....     5%          4    ###....
f - Conjure Flame         Conj/Fire      ####....     1%          3    None
z - Fireball              Conj/Fire      ####......   16%         5    #####..


Dungeon Overview and Level Annotations

Branches:
Dungeon (8/15)             Temple (1/1) D:7
   Lair: D:8-11

Altars:
Dithmenos
Elyvilon
Hepliaklqana
Kikubaaqudgha
Nemelex Xobeh
Okawaru
Ru
Sif Muna
Wu Jian

Shops:
D:5 %

Annotations:
D:3 Sigmund
D:6 gold
D:8 kegs's ghost, novice HOFi


Innate Abilities, Weirdness & Mutations

You can breathe bolts of dispelling energy.
Your rich purple scales are hard. (AC +7)
You cannot fit into any form of body armour.
You are cold-blooded and may be slowed by cold attacks.


Message History

Kegs's ghost hits you but does no damage.
Kegs's ghost barely misses you.
There is an open door here.
The centaur shouts!
You hear a screech!
The centaur wields a runed shortbow.
The centaur shoots an arrow.
The arrow closely misses you.
The centaur shoots an arrow.
The arrow hits you but does no damage.
There is an open door here.
You see here an arrow.
The hippogriff screeches!
The centaur shoots an arrow.
The arrow hits you!
* * * LOW HITPOINT WARNING * * *
The centaur shoots an arrow.
The arrow hits you!
* * * LOW HITPOINT WARNING * * *
You see here 2 arrows.
As you read the scroll labeled VEOL MIXES ULA, it crumbles to dust.
It is a scroll of enchant weapon.
Your flail of holy wrath glows red for a moment.
The centaur shoots an arrow.
The arrow hits you!
You die...

####....................
....................
............<.......
...................
.H...............
.................
.................
#...)...################
'......@#...........#...
#.......W.(.........#...
#..c....#...........'...
#.......#.##..####'#####
......###.#######..##.W.
Z.....#.............#...
......#.............#...
......#.............#...
... ###########...#...


You could see a hippogriff, a centaur, kegs's ghost and a hornet zombie.

Vanquished Creatures
  Pikel (D:6)
  A hornet (D:7)
  A yak (D:7)
  Edmund (D:6)
  Menkaure (D:4)
  Duvessa (D:5)
  A slave (D:6)
  A necrophage (D:5)
  A phantom (D:6)
  2 black bears (D:7)
  2 centaurs (D:6)
  2 big kobolds
  Blork the orc (D:5)
  3 bullfrogs
  3 scorpions
  Dowan (D:5)
  4 crimson imps
  A bullfrog zombie (D:7)
  A jelly (D:7)
  A gnoll shaman (D:7)
  An orc priest (D:4)
  6 hounds
  9 orc wizards
  A bullfrog skeleton (D:7)
  2 iguanas
  Natasha (thrice) (D:4)
  10 worker ants
  A howler monkey zombie (D:6)
  A worker ant zombie (D:5)
  10 gnolls
  6 adders
  9 river rats (D:6)
  2 shadow imps
  2 oozes
  An adder skeleton (D:5)
  2 worms
  7 dart slugs
  4 leopard geckos
  19 orcs
  A ball python (D:1)
  6 giant cockroaches
  A goblin (D:1)
  7 hobgoblins
  9 jackals
  7 quokkas
  3 bats
  7 frilled lizards
  12 kobolds
  A leopard gecko skeleton (D:5)
  A leopard gecko zombie (D:7)
  29 rats
210 creatures vanquished.

Vanquished Creatures (others)
  An orc warrior (D:6)
  An orc priest (D:6)
2 creatures vanquished.

Grand Total: 212 creatures vanquished

Notes
Turn   | Place    | Note
-------+----------+-------------------------------------------
     0 | D:1      | mortelune the Draconian Conjurer began the quest for the Orb.
     0 | D:1      | Reached XP level 1. HP: 14/14 MP: 3/3
   182 | D:1      | Reached XP level 2. HP: 22/22 MP: 1/5
   351 | D:1      | Learned a level 2 spell: Searing Ray
   461 | D:1      | Reached skill level 1 in Fighting
   610 | D:1      | Found a sparkling altar of Nemelex Xobeh.
   740 | D:1      | Reached XP level 3. HP: 28/28 MP: 4/6
  2904 | D:2      | Found a sacrificial altar of Ru.
  3279 | D:3      | Learned a level 3 spell: Dazzling Spray
  3549 | D:3      | Reached XP level 4. HP: 36/36 MP: 5/7
  3561 | D:3      | Reached skill level 5 in Conjurations
  3723 | D:3      | Noticed Sigmund
  4283 | D:4      | Reached XP level 5. HP: 25/42 MP: 0/9
  4446 | D:4      | Found a hazy altar of Hepliaklqana.
  4448 | D:4      | Found a white marble altar of Elyvilon.
  4449 | D:4      | Found an iron altar of Okawaru.
  4509 | D:4      | Got an encrusted short sword
  4512 | D:4      | Identified the +5 short sword of Dawn {vamp, rF+ Str+4} (You found it on level 4 of the Dungeon)
  4718 | D:4      | Learned a level 4 spell: Iskenderun's Mystic Blast
  5249 | D:4      | Noticed Menkaure
  5318 | D:4      | Killed Menkaure
  5318 | D:4      | Reached skill level 6 in Conjurations
  5318 | D:4      | Reached XP level 6. HP: 38/51 MP: 6/11
  5450 | D:4      | Found an ancient bone altar of Kikubaaqudgha.
  6244 | D:4      | Your scales start taking on a rich purple colour.
  6244 | D:4      | Reached XP level 7. HP: 58/58 MP: 5/13
  6406 | D:4      | Noticed Natasha
  6409 | D:4      | Killed Natasha
  6449 | D:4      | Noticed Natasha
  6456 | D:4      | Killed Natasha
  6630 | D:4      | Noticed Natasha
  6633 | D:4      | Killed Natasha
  6738 | D:5      | Entered Level 5 of the Dungeon
  6779 | D:5      | Noticed Blork the orc
  6787 | D:5      | Killed Blork the orc
  6787 | D:5      | Reached skill level 7 in Conjurations
  6931 | D:5      | Reached skill level 5 in Spellcasting
  7011 | D:5      | Found a shadowy altar of Dithmenos.
  7307 | D:5      | Noticed Dowan
  7314 | D:5      | Killed Dowan
  7315 | D:5      | Noticed Duvessa
  7360 | D:5      | Killed Duvessa
  7505 | D:5      | Reached XP level 8. HP: 65/67 MP: 8/16
  7848 | D:5      | Reached skill level 5 in Fighting
  7908 | D:5      | Reached skill level 8 in Conjurations
  8322 | D:5      | Found Lodept's Food Emporium.
  9320 | D:6      | Noticed Pikel
  9359 | D:6      | Killed Pikel
  9359 | D:6      | Reached skill level 9 in Conjurations
  9542 | D:6      | Reached XP level 9. HP: 75/75 MP: 13/19
 10207 | D:6      | Learned a level 4 spell: Sticky Flame
 10273 | D:6      | Noticed Edmund
 10280 | D:6      | Killed Edmund
 10412 | D:6      | Reached skill level 1 in Fire Magic
 11952 | D:7      | Found a staircase to the Ecumenical Temple.
 11979 | Temple   | Entered the Ecumenical Temple
 12022 | Temple   | Became a worshipper of Sif Muna the Loreminder
 12158 | D:7      | Reached skill level 10 in Conjurations
 12418 | D:7      | Learned a level 3 spell: Conjure Flame
 12424 | D:7      | Learned a level 5 spell: Fireball
 13542 | D:8      | Noticed kegs's ghost (novice HOFi)
 13585 | D:8      | Shot with an arrow by a centaur

Skill      XL: |  1  2  3  4  5  6  7  8  9 |
---------------+----------------------------+-----
Fighting       | 1 2 3 4 6 7 |  7.7
Conjurations   | 5 6 7 9 10 | 10.2
Spellcasting   | 3 4 5 6 8 |  8.1
Fire Magic     | 3 |  3.3
Dodging        | |  1.7
Stealth        | |  1.7

Action                   |  1- 3 |  4- 6 |  7- 9 || total
-------------------------+-------+-------+-------++-------
Melee: Unarmed           |     3 |       |       ||     3
       Tailslap          |     2 |     2 |     6 ||    10
       Dagger            |     5 |       |       ||     5
       Short sword       |    12 |    22 |    58 ||    92
Throw: Throwing net      |       |       |     1 ||     1
 Cast: Magic Dart        |    90 |    68 |   210 ||   368
       Searing Ray       |     3 |    20 |    61 ||    84
       Dazzling Spray    |       |       |     5 ||     5
       Iskenderun's Myst |       |       |    14 ||    14
       Sticky Flame      |       |       |     4 ||     4
       Conjure Flame     |       |       |     3 ||     3
 Abil: Breathe Dispellin |       |       |     2 ||     2
  Use: Scroll            |       |     5 |     3 ||     8
       Potion            |       |       |     1 ||     1
  Eat: Chunk             |     9 |     7 |    21 ||    37
       Ration            |       |     2 |     1 ||     3
Armor: Skin              |     3 |     9 |    36 ||    48
Dodge: Dodged            |    12 |    42 |   155 ||   209
